[Event "Titled Tuesday Blitz May 2 Early 2023"]
[White "Gurevich, Dmitry"]
[Black "Jiganchine, Roman"]
[WhiteFideId "2000407"]
[BlackFideId "2603667"]
[WhiteElo "2506"]
[BlackElo "2205"]
[Result "1-0"]
[Round "05"]
[TimeControl "180+2"]
[Date "2023.05.02"]
[WhiteClock "0:00:09"]
[BlackClock "0:00:08"]

1. d4 d5 2. c4 e6 3. Nc3 Nf6 4. Nf3 c5 5. cxd5 cxd4 6. Qxd4 exd5 7. Bg5 Be7 8. e3 O-O 9. Be2 Nc6 10. Qa4 Be6 11. O-O Qb6 12. Qb5 h6 13. Qxb6 axb6 14. Bh4 g5 15. Bg3 Ne4 16. Rfc1 Bf6 17. Bc7 Nxc3 18. bxc3 Ra3 19. Nd4 Rfa8 20. Bxb6 Rxa2 21. Rxa2 Rxa2 22. Bf1 Kg7 23. h3 Ne5 24. Rb1 Nc4 25. Bxc4 dxc4 26. Nxe6+ fxe6 27. Bd4 e5 28. Rxb7+ Kg6 29. Bc5 Rc2 30. Bb4 e4 31. g4 Bxc3 32. Rb6+ Kg7 33. Bxc3+ Rxc3 34. Re6 Rc1+ 35. Kg2 c3 36. Rxe4 c2 37. Rc4 Kf6 38. Rc5 Ke6 39. Kf3 Kd6 40. Rc8 Kd7 41. Rc3 Kd6 42. Ke4 Rf1 43. Rxc2 Rh1 44. Kf3 Rxh3+ 45. Kg2 Rh4 46. f3 h5 47. Rc4 hxg4 48. Rxg4 Rh5 49. Re4 Kd5 50. Re8 Rh6 51. Kg3 Rf6 52. Kg4 Kd6 53. Rg8 Ke7 54. Rxg5 Ra6 55. Rf5 Ke6 56. e4 Ra1 57. Kf4 Rh1 58. Rg5 Rh4+ 59. Rg4 Rh2 60. e5 Rh1 61. Rg6+ Kf7 62. Rf6+ Ke7 63. Ke4 Rh4+ 64. f4 Rh1 65. Ra6 Re1+ 66. Kf5 Rh1 67. Ra7+ Kf8 68. e6 Rh6 69. Ke5 Rh1 70. f5 Rh6 71. Ra8+ Ke7 72. f6+ Rxf6 73. Ra7+ Ke8 74. Kxf6 1-0


[Site "https://www.chess.com"]

[Event "Titled Tuesday Blitz May 2 Early 2023"]
[White "Koridze, Lile"]
[Black "Levitan, Caleb Levi"]
[WhiteFideId "13612514"]
[BlackFideId "14332620"]
[WhiteElo "2047"]
[BlackElo "1963"]
[Result "0-1"]
[Round "05"]
[TimeControl "180+2"]
[Date "2023.05.02"]
[WhiteClock "0:00:13"]
[BlackClock "0:01:51"]

1. d4 d5 2. c4 e6 3. Nf3 Nf6 4. g3 dxc4 5. Bg2 Bb4+ 6. Bd2 c5 7. Bxb4 cxb4 8. O-O O-O 9. a3 b5 10. axb4 Bb7 11. Nc3 a6 12. Ne5 Bxg2 13. Kxg2 Nbd7 14. Nf3 Nb6 15. b3 Qe7 16. bxc4 Nxc4 17. Qb3 Rfc8 18. Rfb1 Qb7 19. e3 Nd2 20. Qd1 Nxf3 0-1


[Site "https://www.chess.com"]

[Event "Titled Tuesday Blitz May 2 Early 2023"]
[White "Clawitter, Craig"]
[Black "Golubev, Mikhail"]
[WhiteFideId "2023105"]
[BlackFideId "14100983"]
[WhiteElo "2050"]
[BlackElo "2374"]
[Result "1/2-1/2"]
[Round "05"]
[TimeControl "180+2"]
[Date "2023.05.02"]
[WhiteClock "0:00:08"]
[BlackClock "0:00:04"]

1. e4 g6 2. d4 Bg7 3. Nc3 c6 4. Be3 d5 5. Qd2 dxe4 6. Nxe4 Nd7 7. Nf3 Ngf6 8. Nxf6+ Nxf6 9. Bh6 Ne4 10. Qf4 Qa5+ 11. c3 Bxh6 12. Qxh6 Bf5 13. Bd3 Nxc3 14. Bxf5 Ne4+ 15. Kf1 gxf5 16. Ne5 Qb5+ 17. Kg1 Qxb2 18. Rf1 Qxd4 19. Qf4 e6 20. h4 Rg8 21. Rh3 O-O-O 22. Rd3 Qb6 23. Nc4 Qc7 24. Rxd8+ Rxd8 25. Qe3 Kb8 26. Rb1 Ka8 27. Qa3 a6 28. f3 Nd6 29. Nb6+ Ka7 30. Qc5 Kb8 31. Rd1 Nc8 32. Rxd8 Qxd8 33. Nc4 Qc7 34. h5 b6 35. Qd4 Kb7 36. Qg7 b5 37. Ne5 Nd6 38. h6 Kb6 39. Qxh7 Ne4 40. fxe4 Qxe5 41. Qg7 Qxe4 42. h7 Qe1+ 43. Kh2 Qh4+ 44. Kg1 Qe1+ 45. Kh2 Qh4+ 46. Kg1 Qe1+ 1/2-1/2


[Site "https://www.chess.com"]

[Event "Titled Tuesday Blitz May 2 Early 2023"]
[White "Osinovsky, Stepan"]
[Black "Wimalasuriya, Kasun M."]
[WhiteFideId "4157354"]
[BlackFideId "9906789"]
[WhiteElo "2222"]
[BlackElo "1781"]
[Result "1-0"]
[Round "05"]
[TimeControl "180+2"]
[Date "2023.05.02"]
[WhiteClock "0:00:06"]
[BlackClock "0:00:51"]

1. Nf3 Nf6 2. g3 g6 3. Bg2 Bg7 4. O-O O-O 5. d3 d6 6. Nbd2 e5 7. e4 Nc6 8. Kh1 Ne8 9. c3 h6 10. Nh4 g5 11. Nf5 Ne7 12. Nxg7 Nxg7 13. f4 exf4 14. gxf4 gxf4 15. Nf3 Ng6 16. Rg1 Kh7 17. Qe1 f5 18. e5 dxe5 19. Nxe5 Rf6 20. d4 c5 21. Nxg6 Rxg6 22. Bxf4 cxd4 23. Rd1 Qb6 24. cxd4 Be6 25. d5 Bf7 26. Qe7 Kg8 27. d6 Re8 28. Qh4 Be6 29. Bf3 Rxg1+ 30. Rxg1 Qxb2 31. Qxh6 Bf7 32. d7 Rd8 33. Bg5 Qf2 34. Bxb7 Rxd7 35. Bf6 Bg6 36. Bd5+ Kf8 37. Qh8# 1-0


[Site "https://www.chess.com"]

[Event "Titled Tuesday Blitz May 2 Early 2023"]
[White "Yonal, Timur"]
[Black "Rangel, Daniel"]
[WhiteFideId "44115725"]
[BlackFideId "2124475"]
[WhiteElo "1966"]
[BlackElo "2256"]
[Result "0-1"]
[Round "05"]
[TimeControl "180+2"]
[Date "2023.05.02"]
[WhiteClock "0:01:00"]
[BlackClock "0:01:28"]

1. e4 c5 2. Nf3 g6 3. g3 Nc6 4. Bg2 Bg7 5. O-O d6 6. c3 h5 7. h4 Bg4 8. Qc2 Qd7 9. Ng5 c4 10. b3 b5 11. a4 cxb3 12. Qxb3 bxa4 13. Qxa4 Rc8 14. d4 Nh6 15. f3 f6 16. fxg4 fxg5 17. gxh5 gxh4 18. hxg6 hxg3 19. Na3 Nxd4 20. Qd1 Rxc3 21. Bf4 Ng4 22. Nb1 Rc2 23. Nd2 Ne2+ 24. Qxe2 Bd4+ 25. Be3 Bxe3+ 0-1


[Site "https://www.chess.com"]

[Event "Titled Tuesday Blitz May 2 Early 2023"]
[White "Ciuffoletti, Paolo"]
[Black "Garakov, Mikhael"]
[WhiteFideId "807630"]
[BlackFideId "4169034"]
[WhiteElo "2143"]
[BlackElo "2347"]
[Result "0-1"]
[Round "05"]
[TimeControl "180+2"]
[Date "2023.05.02"]
[WhiteClock "0:00:01"]
[BlackClock "0:00:33"]

1. e4 c5 2. d4 cxd4 3. c3 d3 4. Bxd3 g6 5. c4 Bg7 6. Nc3 Nc6 7. Nf3 d6 8. h3 Nf6 9. O-O O-O 10. Be3 b6 11. Qd2 Bb7 12. Bh6 Rc8 13. b3 Nd7 14. Bxg7 Kxg7 15. Nd5 Nc5 16. Bc2 e6 17. Ne3 Qf6 18. Qxd6 Rfd8 19. Qg3 Nb4 20. e5 Qe7 21. Rad1 Be4 22. Bxe4 Nxe4 23. Qg4 Nc3 24. Rxd8 Rxd8 25. h4 h5 26. Qh3 Nd3 27. Kh2 Nf4 28. Qg3 Nce2 29. Qg5 Qxg5 30. hxg5 Nc3 31. g3 Nd3 32. Kg2 a5 33. a4 Nc5 34. Rc1 Na2 35. Rb1 Nb4 36. Ne1 Nc6 37. Kf3 Nxe5+ 38. Ke2 Nc6 39. f4 Nd4+ 40. Kf2 Ne4+ 41. Kg2 Nc3 0-1


[Site "https://www.chess.com"]

[Event "Titled Tuesday Blitz May 2 Early 2023"]
[White "Osiecki, Stanislaw"]
[Black "Bouget, Alexandre"]
[WhiteFideId "1102990"]
[BlackFideId "681318"]
[WhiteElo "2088"]
[BlackElo "2182"]
[Result "0-1"]
[Round "05"]
[TimeControl "180+2"]
[Date "2023.05.02"]
[WhiteClock "0:00:37"]
[BlackClock "0:00:52"]

1. e4 e6 2. d4 d5 3. e5 c5 4. c3 Nc6 5. Nf3 Qb6 6. Be2 Bd7 7. dxc5 Bxc5 8. O-O f6 9. b4 Be7 10. Be3 Qc7 11. exf6 Nxf6 12. b5 Na5 13. Nd4 Nc4 14. Bxc4 Qxc4 15. a4 e5 16. Nf3 Qc7 17. Bg5 e4 18. Bxf6 Bxf6 19. Nd4 O-O 20. Qb3 Qd6 21. Nd2 Kh8 22. Rad1 Bg4 23. f3 Bh5 24. g4 e3 25. gxh5 Bxd4 26. Ne4 e2+ 27. Rxd4 exf1=Q+ 28. Kxf1 Qxh2 29. Nf2 Rxf3 30. Rd2 Raf8 31. Qa2 Rxf2+ 32. Rxf2 Qh1+ 33. Ke2 Rxf2+ 34. Kxf2 Qh2+ 35. Ke3 Qxa2 0-1


[Site "https://www.chess.com"]

[Event "Titled Tuesday Blitz May 2 Early 2023"]
[White "Toktomushev, Teimur"]
[Black "Jaivardhan Raj"]
[WhiteFideId "14176726"]
[BlackFideId "25744437"]
[WhiteElo "2116"]
[BlackElo "1772"]
[Result "1-0"]
[Round "05"]
[TimeControl "180+2"]
[Date "2023.05.02"]
[WhiteClock "0:00:07"]
[BlackClock "0:00:17"]

1. d4 Nf6 2. c4 e6 3. Nf3 b6 4. g3 Bb7 5. Bg2 Bb4+ 6. Bd2 Qe7 7. O-O O-O 8. Bf4 Nh5 9. Bxc7 Na6 10. Bf4 Nxf4 11. gxf4 Rac8 12. Nbd2 Bxf3 13. Nxf3 Rxc4 14. Qd3 b5 15. b3 Rc3 16. Qxb5 Nc7 17. Qg5 f6 18. Qh4 Nd5 19. e4 Nb6 20. h3 Rfc8 21. e5 fxe5 22. Qxe7 Bxe7 23. fxe5 Nd5 24. Rfd1 Nf4 25. Bh1 Nxh3+ 26. Kg2 Nf4+ 27. Kf1 Nd3 28. Rd2 Rc1+ 29. Rxc1 Rxc1+ 30. Kg2 Nf4+ 31. Kh2 Nd5 32. Bg2 Rc8 33. Re2 Nc3 34. Rc2 Bb4 35. Nd2 Rf8 36. Ne4 Nxe4 37. Bxe4 Rf4 38. f3 Kf7 39. Rc7 Ke7 40. Rxa7 Rh4+ 41. Kg2 g5 42. a3 Bc3 43. Bc6 g4 44. Rxd7+ Kf8 45. fxg4 Rxg4+ 46. Kf3 Rxd4 47. Rxd4 Bxd4 48. Ke4 Bc5 49. b4 Bb6 50. a4 h5 51. a5 Ba7 52. b5 Ke7 53. b6 Bb8 54. a6 Kd8 55. a7 Kc8 56. a8=Q h4 57. Qb7+ Kd8 58. Qd7# 1-0


[Site "https://www.chess.com"]

[Event "Titled Tuesday Blitz May 2 Early 2023"]
[White "Topalov, Aleksandar"]
[Black "Cramling Bellon, Anna"]
[WhiteFideId "925659"]
[BlackFideId "32009232"]
[WhiteElo "2151"]
[BlackElo "1972"]
[Result "1/2-1/2"]
[Round "05"]
[TimeControl "180+2"]
[Date "2023.05.02"]
[WhiteClock "0:00:28"]
[BlackClock "0:00:03"]

1. b3 c5 2. Bb2 Nc6 3. Nf3 d5 4. e3 Nf6 5. Bb5 e6 6. Bxc6+ bxc6 7. Ne5 Bd7 8. O-O Be7 9. f4 O-O 10. d3 Rb8 11. Rf3 a5 12. a4 c4 13. dxc4 Ne4 14. Nd2 Nxd2 15. Qxd2 f6 16. Nxd7 Qxd7 17. e4 Qa7+ 18. Kh1 dxc4 19. Bd4 c5 20. Bc3 Rfd8 21. Qe1 cxb3 22. cxb3 Rxb3 23. Bxa5 Rdb8 24. Bc3 c4 25. g3 Bb4 26. a5 Qa8 27. a6 Bxc3 28. Rxc3 Rxc3 29. Qxc3 Qxe4+ 30. Kg1 Rb1+ 31. Kf2 Rxa1 32. Qxa1 Qc2+ 33. Kf3 Qd3+ 34. Kg4 Qe2+ 35. Kh3 Qh5+ 36. Kg2 Qe2+ 37. Kh3 Qh5+ 38. Kg2 Qe2+ 39. Kg1 Qe3+ 40. Kg2 Qe2+ 1/2-1/2


[Site "https://www.chess.com"]

[Event "Titled Tuesday Blitz May 2 Early 2023"]
[White "Quirke, Jeffrey"]
[Black "Gatterer, Florian"]
[WhiteFideId "2013029"]
[BlackFideId "811688"]
[WhiteElo "2007"]
[BlackElo "2221"]
[Result "1/2-1/2"]
[Round "05"]
[TimeControl "180+2"]
[Date "2023.05.02"]
[WhiteClock "0:00:04"]
[BlackClock "0:00:18"]

1. e4 d5 2. exd5 Qxd5 3. Nc3 Qd8 4. d4 Nf6 5. Bc4 Bg4 6. Nge2 e6 7. O-O Be7 8. f3 Bh5 9. Be3 c6 10. Qd2 Nbd7 11. Bb3 Nd5 12. Ne4 Nxe3 13. Qxe3 O-O 14. Nf4 Bg6 15. Nxg6 hxg6 16. Rad1 a5 17. a4 Qc7 18. Rfe1 Rac8 19. Kh1 Rfe8 20. Ng5 Bxg5 21. Qxg5 Nf6 22. c4 Qb6 23. Qe3 c5 24. dxc5 Qxc5 25. Qxc5 Rxc5 26. Rd6 Kf8 27. Red1 Ke7 28. Rb6 Rb8 29. Kg1 Rc6 30. Rb5 b6 31. Ba2 Rc5 32. Rd3 Rxb5 33. axb5 Nd7 34. b3 Nc5 35. Rd1 Rd8 36. Rxd8 Kxd8 37. Kf2 e5 38. Ke3 Ke7 39. g4 f5 40. gxf5 gxf5 41. Kd2 g5 42. Kc3 Kf6 43. Bb1 g4 44. fxg4 fxg4 45. Bc2 Kg5 46. Bd1 Kf4 47. b4 axb4+ 48. Kxb4 e4 49. Kc3 e3 50. Kd4 Nb3+ 51. Kd3 Nc5+ 52. Kd4 Nb3+ 53. Kd3 Nc5+ 54. Kd4 1/2-1/2


[Site "https://www.chess.com"]

[Event "Titled Tuesday Blitz May 2 Early 2023"]
[White "Balla, Tamas-Kristof"]
[Black "Winkels, Marcel"]
[WhiteFideId "1208497"]
[BlackFideId "1003887"]
[WhiteElo "2334"]
[BlackElo "1900"]
[Result "1-0"]
[Round "05"]
[TimeControl "180+2"]
[Date "2023.05.02"]
[WhiteClock "0:01:27"]
[BlackClock "0:00:25"]

1. e4 Nf6 2. e5 Nd5 3. c4 Nb6 4. d4 d6 5. f4 g6 6. Be3 Bg7 7. Nc3 Be6 8. d5 Bc8 9. exd6 exd6 10. Bd4 O-O 11. Be2 Na6 12. Bxg7 Kxg7 13. Nf3 Bg4 14. O-O Bxf3 15. Bxf3 Nxc4 16. Qd4+ Qf6 17. Qxc4 Nc5 18. b4 Na6 19. Ne4 Qe7 20. Qc3+ f6 21. Rfe1 Rae8 22. Ng5 Qd7 23. Ne6+ Kh6 24. Nxf8 Rxf8 25. Qe3 Qb5 26. f5+ g5 27. Qe7 Qb6+ 28. Kh1 1-0


[Site "https://www.chess.com"]

[Event "Titled Tuesday Blitz May 2 Early 2023"]
[White "Matveeva, Olga"]
[Black "James, Stuart"]
[WhiteFideId "24107018"]
[BlackFideId "7400489"]
[WhiteElo "2056"]
[BlackElo "1950"]
[Result "1-0"]
[Round "05"]
[TimeControl "180+2"]
[Date "2023.05.02"]
[WhiteClock "0:00:02"]
[BlackClock "0:00:06"]

1. d4 Nf6 2. c4 e6 3. g3 d5 4. Nf3 Be7 5. Bg2 O-O 6. O-O dxc4 7. Qc2 c5 8. dxc5 Bxc5 9. Qxc4 Qe7 10. Bg5 Nbd7 11. Nc3 h6 12. Bxf6 Nxf6 13. Ne5 Rb8 14. Rac1 Bd7 15. Nxd7 Nxd7 16. Ne4 Rfc8 17. Nxc5 Rxc5 18. Qb3 Rbc8 19. Rxc5 Nxc5 20. Qe3 a5 21. Rd1 b6 22. h4 Rd8 23. Rd4 Qf6 24. Rxd8+ Qxd8 25. Kh2 Qd6 26. b3 b5 27. Qf3 a4 28. b4 Nd7 29. a3 g6 30. Qb7 Nb6 31. Qc6 Nc4 32. Qxb5 Nxa3 33. Qxa4 Nc4 34. b5 Nb6 35. Qa6 Qc5 36. Kg1 Qc1+ 37. Kh2 Qc5 38. e3 Kg7 39. Bf1 Qf5 40. Kg1 Nd5 41. Qc6 Qf3 42. Qc2 Nf6 43. Qb2 Kh7 44. b6 Ne4 45. b7 Nxg3 46. fxg3 Qxg3+ 47. Bg2 Qxe3+ 48. Kh2 Qf4+ 49. Kh1 Qxh4+ 50. Kg1 Qe1+ 51. Bf1 Qg3+ 52. Qg2 Qe3+ 53. Kh1 Qb6 54. Qf3 Qb4 55. Qxf7+ Kh8 56. Qe8+ Kh7 57. b8=Q Qh4+ 58. Qh2 Qe4+ 59. Qg2 Qh4+ 60. Kg1 Qf2+ 61. Qxf2 1-0


[Site "https://www.chess.com"]

[Event "Titled Tuesday Blitz May 2 Early 2023"]
[White "Ramirez Vido, Robert Yorisan"]
[Black "Sanchez, German"]
[WhiteFideId "3513823"]
[BlackFideId "4403959"]
[WhiteElo "2015"]
[BlackElo "1816"]
[Result "0-1"]
[Round "05"]
[TimeControl "180+2"]
[Date "2023.05.02"]
[WhiteClock "0:00:02"]
[BlackClock "0:00:05"]

1. f4 c5 2. Nf3 d6 3. g3 Nc6 4. Bg2 h5 5. d3 Nf6 6. e4 g6 7. c3 Bg7 8. Be3 Ng4 9. Bg1 e5 10. h3 Nf6 11. fxe5 Nh7 12. exd6 Qxd6 13. Bf2 f5 14. O-O Be6 15. exf5 Bxf5 16. Re1+ Ne7 17. Qa4+ Bd7 18. Qe4 Bc6 19. Qxg6+ Qxg6 20. Nbd2 Bf6 21. Nc4 O-O-O 22. Bxc5 Nf5 23. Bxa7 Bxf3 24. Bxf3 Qxg3+ 25. Bg2 Nh4 26. Re2 Rhg8 27. Nb6+ Kc7 28. c4 Bd4+ 29. Kh1 Nxg2 30. Re7+ Kc6 31. Re6+ Rd6 32. Rxd6+ Kxd6 33. c5+ Kc7 34. Nd5+ Kc6 35. Ne7+ Kd7 36. Nxg8 Qxh3# 0-1


[Site "https://www.chess.com"]

[Event "Titled Tuesday Blitz May 2 Early 2023"]
[White "Prudnykova, Olga"]
[Black "Schut, Han"]
[WhiteFideId "14121093"]
[BlackFideId "1005561"]
[WhiteElo "2113"]
[BlackElo "2024"]
[Result "1-0"]
[Round "05"]
[TimeControl "180+2"]
[Date "2023.05.02"]
[WhiteClock "0:01:53"]
[BlackClock "0:00:46"]

1. e4 c5 2. Nf3 d6 3. Nc3 Nf6 4. e5 dxe5 5. Nxe5 Nbd7 6. d4 Nxe5 7. dxe5 Qxd1+ 8. Kxd1 Ng4 9. Bb5+ Bd7 10. e6 fxe6 11. Ke2 O-O-O 12. h3 Nf6 13. Be3 b6 14. Ba6+ Kb8 15. Bf4+ Ka8 16. Rad1 Re8 17. Rxd7 Nxd7 18. Bb5 e5 19. Bxd7 exf4 20. Bxe8 e5 21. Rd1 Be7 22. Bc6+ Kb8 23. Rd7 Bf6 1-0


[Site "https://www.chess.com"]

[Event "Titled Tuesday Blitz May 2 Early 2023"]
[White "Hinds, Nathan"]
[Black "Sailer, Mike"]
[WhiteFideId "7400730"]
[BlackFideId "2012901"]
[WhiteElo "2001"]
[BlackElo "2109"]
[Result "1-0"]
[Round "05"]
[TimeControl "180+2"]
[Date "2023.05.02"]
[WhiteClock "0:00:17"]
[BlackClock "0:00:05"]

1. Nf3 d5 2. d4 Nf6 3. c4 Bf5 4. g3 e6 5. Bg2 Nc6 6. O-O Be7 7. Nc3 O-O 8. Bg5 h6 9. Bxf6 Bxf6 10. cxd5 exd5 11. e3 Ne7 12. Rc1 c6 13. Na4 Nc8 14. Nc5 Nd6 15. b3 Rb8 16. Nd3 Ne4 17. Nfe5 Bxe5 18. Nxe5 Qa5 19. Qe2 f6 20. Bxe4 Bxe4 21. Nd7 Qc7 22. Nxb8 Qxb8 23. f3 Bg6 24. Kg2 Qc8 25. e4 dxe4 26. fxe4 Re8 27. e5 Qd7 28. Rcd1 Qd5+ 29. Kg1 fxe5 30. dxe5 Qc5+ 31. Qf2 Qxe5 32. Rfe1 Qb8 33. Rxe8+ Qxe8 34. Re1 Qb8 35. Qe3 Kh7 36. Qe5 Qd8 37. Qe3 Qd5 38. a4 c5 39. Rc1 b6 40. Re1 a6 41. Re2 b5 42. axb5 axb5 43. Rd2 c4 44. Rxd5 1-0


[Site "https://www.chess.com"]

[Event "Titled Tuesday Blitz May 2 Early 2023"]
[White "Antonio, Jorge Carlos"]
[Black "Van Baar, Esper"]
[WhiteFideId "113190"]
[BlackFideId "1049321"]
[WhiteElo "2247"]
[BlackElo "2180"]
[Result "1-0"]
[Round "05"]
[TimeControl "180+2"]
[Date "2023.05.02"]
[WhiteClock "0:01:14"]
[BlackClock "0:00:03"]

1. d4 Nf6 2. Nf3 e6 3. Bf4 d5 4. e3 c5 5. c3 Bd6 6. Ne5 Qc7 7. Nd2 Nbd7 8. Nxd7 Bxd7 9. Bxd6 Qxd6 10. Nf3 O-O 11. Bd3 a6 12. Ne5 Bb5 13. O-O Bxd3 14. Qxd3 c4 15. Qe2 Nd7 16. Nxd7 Qxd7 17. e4 b5 18. e5 f6 19. f4 f5 20. Kh1 b4 21. Rg1 Kh8 22. Qf3 a5 23. g4 a4 24. gxf5 Rxf5 25. Rg4 a3 26. bxa3 Rxa3 27. Rag1 Rxc3 28. Qf2 Ra3 29. Qh4 Ra8 30. Rxg7 Qxg7 31. Rxg7 Kxg7 32. Qe7+ Rf7 33. Qxe6 c3 34. f5 c2 35. f6+ Kg8 36. Qc6 Ra6 37. Qxc2 Rfa7 38. Qc8+ Kf7 39. Qh8 Rxa2 40. Qxh7+ Ke6 41. Qh3+ Kf7 42. Qh7+ Ke6 43. Qh3+ Kf7 44. Qf5 Ra1+ 45. Kg2 R7a2+ 46. Kg3 Ra3+ 47. Kh4 Re1 48. Qd7+ Kg6 49. Qg7+ Kf5 50. Qg4# 1-0


[Site "https://www.chess.com"]

[Event "Titled Tuesday Blitz May 2 Early 2023"]
[White "Liu, Xiangyi"]
[Black "Thiel, Thomas"]
[WhiteFideId "8605718"]
[BlackFideId "4615964"]
[WhiteElo "2323"]
[BlackElo "2234"]
[Result "1-0"]
[Round "05"]
[TimeControl "180+2"]
[Date "2023.05.02"]
[WhiteClock "0:00:08"]
[BlackClock "0:00:02"]

1. e4 d5 2. exd5 Nf6 3. d4 Nxd5 4. c4 Nb6 5. Nc3 e5 6. d5 Bb4 7. Bd2 Bf5 8. Qh5 Qf6 9. Nf3 O-O 10. a3 Bxc3 11. Bxc3 N8d7 12. Be2 Na4 13. Bb4 Rfe8 14. Nh4 Bg6 15. Nxg6 hxg6 16. Qg4 a5 17. Qxd7 axb4 18. axb4 Nb6 19. Rxa8 Rxa8 20. Qg4 Ra1+ 21. Bd1 Qf4 22. Qxf4 exf4 23. b3 Nd7 24. Kd2 Ra2+ 25. Bc2 Nf6 26. f3 Ne8 27. Re1 Nd6 28. Kc3 Nf5 29. Re8+ Kh7 30. Bxf5 gxf5 31. Re7 Rxg2 32. Rxc7 Rf2 33. d6 Rxf3+ 34. Kd2 Rf2+ 35. Kd3 Rf1 36. Rxf7 Kg6 37. Rd7 f3 38. Ke3 1-0


[Site "https://www.chess.com"]

[Event "Titled Tuesday Blitz May 2 Early 2023"]
[White "Panda Sambit"]
[Black "Floresvillar Gonzalez, Luis Migu"]
[WhiteFideId "25091794"]
[BlackFideId "5100542"]
[WhiteElo "2272"]
[BlackElo "2040"]
[Result "1-0"]
[Round "05"]
[TimeControl "180+2"]
[Date "2023.05.02"]
[WhiteClock "0:00:39"]
[BlackClock "0:00:05"]

1. Nf3 d5 2. e3 c6 3. b3 Bg4 4. Bb2 Nd7 5. Be2 Qc7 6. d4 e6 7. O-O f5 8. c4 Ngf6 9. Nbd2 Be7 10. h3 Bxf3 11. Nxf3 O-O 12. Rc1 Rae8 13. Qc2 Ne4 14. Ne1 Qd6 15. Nd3 Bd8 16. cxd5 exd5 17. Ne5 Bc7 18. Bd3 Nxe5 19. dxe5 Qe6 20. Rfe1 Bxe5 21. Ba3 Bd6 22. Bb2 Be5 23. Ba3 Rf7 24. Rcd1 Bc7 25. Bb2 Qd6 26. g3 h5 27. h4 Re6 28. Kf1 Rg6 29. Ke2 Re7 30. Rg1 Rg4 31. Rdf1 Rg6 32. Kd1 Bb6 33. Kc1 a5 34. Kb1 Rge6 35. Rg2 g6 36. f3 Nxg3 37. Rfg1 f4 38. exf4 Re1+ 39. Bc1 1-0


[Site "https://www.chess.com"]

[Event "Titled Tuesday Blitz May 2 Early 2023"]
[White "Kiseljova, Marya"]
[Black "Rodriguez Santiago, Jaime"]
[WhiteFideId "4155009"]
[BlackFideId "3100898"]
[WhiteElo "1851"]
[BlackElo "2025"]
[Result "0-1"]
[Round "05"]
[TimeControl "180+2"]
[Date "2023.05.02"]
[WhiteClock "0:00:05"]
[BlackClock "0:00:13"]

1. d4 Nf6 2. c4 e6 3. Bf4 d5 4. Nf3 c6 5. e3 Nbd7 6. Nbd2 Nh5 7. Bg5 Be7 8. Bxe7 Qxe7 9. cxd5 exd5 10. Ne5 Nxe5 11. Qxh5 Ng4 12. g3 g6 13. Qh4 g5 14. Qh5 h6 15. Be2 Nf6 16. Qf3 Bg4 17. Qg2 Bxe2 18. Kxe2 Qb4 19. Rab1 Qb5+ 20. Ke1 O-O-O 21. Qf1 Qa5 22. Qd3 Rhe8 23. Qf5+ Nd7 24. a3 Re7 25. Ke2 Rde8 26. Rhd1 Qa6+ 27. Qd3 Qb6 28. b4 Nf6 29. Kf1 Qc7 30. Qf5+ Nd7 31. Nb3 Kb8 32. Nc5 Nxc5 33. bxc5 Re4 34. Kg2 Qe7 35. Rb3 a6 36. Rdb1 b5 37. cxb6 Kb7 38. a4 Qd6 39. a5 R8e7 40. Qf3 R4e6 41. Qe2 Rf6 42. Rc1 Qe6 43. Qd3 g4 44. Rbc3 Rf5 45. Rxc6 Qe4+ 46. Qxe4 dxe4 47. Rc7+ Rxc7 48. Rxc7+ Kb8 49. Ra7 Rxa5 50. Rxf7 Rb5 51. Rf6 a5 52. Rxh6 a4 53. Rc6 a3 54. Rc3 Ra5 55. Rc2 a2 56. Rxa2 Rxa2 57. d5 Kb7 58. h3 gxh3+ 59. Kxh3 Rxf2 60. g4 Kxb6 61. Kh4 Kc5 62. g5 Kxd5 63. Kh5 Ke6 64. g6 Kf6 65. Kh6 Rh2# 0-1


[Site "https://www.chess.com"]

[Event "Titled Tuesday Blitz May 2 Early 2023"]
[White "Buscar, Michael"]
[Black "Vargas Rodriguez, Wilver"]
[WhiteFideId "2603616"]
[BlackFideId "3509672"]
[WhiteElo "2010"]
[BlackElo "2224"]
[Result "0-1"]
[Round "05"]
[TimeControl "180+2"]
[Date "2023.05.02"]
[WhiteClock "0:01:12"]
[BlackClock "0:00:08"]

1. c4 c5 2. Nf3 Nc6 3. g3 g6 4. Bg2 Bg7 5. O-O e6 6. Nc3 Nge7 7. d3 O-O 8. Bg5 Rb8 9. Qd2 Re8 10. Bh6 Bh8 11. h4 a6 12. h5 b5 13. cxb5 axb5 14. hxg6 hxg6 15. Ne4 d6 16. Bg5 Qa5 17. Qf4 e5 18. Nf6+ Bxf6 19. Qxf6 Nf5 20. g4 Re6 21. gxf5 Rxf6 22. Bxf6 Bxf5 23. Ng5 Nd4 24. Bd5 Nxe2+ 25. Kh2 Be6 26. Bf3 Nf4 27. Kg3 Nh5+ 28. Bxh5 gxh5 29. Rh1 Bg4 30. f3 Qd2 31. fxg4 Qf4+ 32. Kh4 Qxg4# 0-1


[Site "https://www.chess.com"]

[Event "Titled Tuesday Blitz May 2 Early 2023"]
[White "Hartikainen, Jarmo"]
[Black "Barria Santos, Jose Guilherme"]
[WhiteFideId "503134"]
[BlackFideId "1939300"]
[WhiteElo "2108"]
[BlackElo "2266"]
[Result "1-0"]
[Round "05"]
[TimeControl "180+2"]
[Date "2023.05.02"]
[WhiteClock "0:00:14"]
[BlackClock "0:00:27"]

1. e4 c5 2. c3 Nf6 3. e5 Nd5 4. d4 cxd4 5. Nf3 Nc6 6. cxd4 d6 7. Nc3 e6 8. Bd3 Be7 9. Qe2 h6 10. Bd2 O-O 11. O-O a6 12. Rac1 Bd7 13. Rfd1 Rc8 14. Bb1 f5 15. Nxd5 exd5 16. Bf4 dxe5 17. Nxe5 Nxe5 18. Qxe5 Bc6 19. Bxf5 Ra8 20. Qe6+ Kh8 21. Qg6 Rxf5 22. Qxf5 Qb6 23. Be5 Rf8 24. Qe6 Bg5 25. Rc2 Qb5 26. h4 Bd7 27. Qd6 Bf6 28. Qxf8+ Kh7 29. Bxf6 gxf6 30. Qf7+ Kh8 31. Re1 Qa4 32. Rc8+ Bxc8 33. Re8+ Qxe8 34. Qxe8+ Kg7 35. Qxc8 1-0


[Site "https://www.chess.com"]

[Event "Titled Tuesday Blitz May 2 Early 2023"]
[White "Bashirli, Saadat"]
[Black "Necula, Iulian"]
[WhiteFideId "13429990"]
[BlackFideId "1232380"]
[WhiteElo "1408"]
[BlackElo "1790"]
[Result "0-1"]
[Round "05"]
[TimeControl "180+2"]
[Date "2023.05.02"]
[WhiteClock "0:00:35"]
[BlackClock "0:00:38"]

1. e4 d6 2. d4 Nf6 3. Nc3 e5 4. dxe5 dxe5 5. Qxd8+ Kxd8 6. Bg5 Be6 7. O-O-O+ Bd6 8. Nf3 Ke7 9. Nb5 Nc6 10. Nc3 a6 11. b3 h6 12. a3 hxg5 13. Nxg5 Nd4 14. Kb2 b5 15. Bd3 Rab8 16. g3 Ng4 17. Rdf1 f6 18. Nxe6 Nxe6 19. Nd5+ Kd7 20. Be2 Nh6 21. f4 exf4 22. gxf4 c6 23. f5 cxd5 24. fxe6+ Kxe6 25. exd5+ Kxd5 26. Rd1+ Ke6 27. Rhe1 Be5+ 28. c3 Rhd8 29. Rg1 Rxd1 30. Rxd1 Bxh2 31. Re1 Be5 32. Bf3 a5 33. Rg1 g5 34. Kc2 b4 35. axb4 axb4 36. c4 Ke7 37. Rd1 Nf5 38. Kb1 Nd4 39. Bd5 Nxb3 40. Kc2 Nd4+ 41. Kd3 b3 42. Rh1 b2 43. Rh7+ Kd6 44. Ra7 b1=Q+ 45. Ke3 Nf5+ 46. Kf3 Rb3+ 47. Kg4 Rg3+ 48. Kh5 Ne7 49. Ra6+ Kc5 0-1


[Site "https://www.chess.com"]

[Event "Titled Tuesday Blitz May 2 Early 2023"]
[White "Flis, Pawel"]
[Black "Nissinen, Niilo Man"]
[WhiteFideId "1112864"]
[BlackFideId "30950767"]
[WhiteElo "1822"]
[BlackElo "1952"]
[Result "0-1"]
[Round "05"]
[TimeControl "180+2"]
[Date "2023.05.02"]
[WhiteClock "0:00:01"]
[BlackClock "0:00:12"]

1. e4 c5 2. Nf3 Nc6 3. d4 cxd4 4. Nxd4 Nf6 5. Nc3 e5 6. Ndb5 d6 7. Bg5 a6 8. Na3 b5 9. Nd5 Be7 10. Bxf6 Bxf6 11. c3 Ne7 12. Nxe7 Bxe7 13. Nc2 Bb7 14. Bd3 d5 15. Qe2 O-O 16. O-O f5 17. f3 fxe4 18. fxe4 Bc5+ 19. Kh1 Qd6 20. Rad1 d4 21. cxd4 exd4 22. Rxf8+ Rxf8 23. Rf1 Rxf1+ 24. Qxf1 Qe6 25. Qf5 Qxa2 26. g4 Bb6 27. h4 Qf7 28. Kg2 Qxf5 29. gxf5 Kf7 30. Kg3 Kf6 31. Kf4 Bc7+ 32. Kf3 Ke5 33. Ne1 b4 34. Ng2 a5 35. Nf4 a4 36. Ne6 a3 37. bxa3 bxa3 38. Bc4 Bxe4+ 39. Kf2 Bb6 0-1


[Site "https://www.chess.com"]